Map: Acid Plant LE

Players

Zanster - Winner!

  • Race: Zerg Zerg
  • Spawn Location: 5:00

SortOf

  • Race: Zerg Zerg
  • Spawn Location: 11:00

Event: WCS Valencia 2018

VOD

Have the link to the VOD?

Description

Time

  • Played on: July 12, 2018, 7:30 a.m.
  • Length: 21:50

All games in this series

Show
View Real Time Build Order
Export as new Build Order

Zanster Zerg - Winner!

Build Orders: Hatch First, Lurkers, Roach Hydra 

Get SALT Encoding   

  12  0:00  Drone  
  13  0:13  Overlord  
  13  0:17  Drone  
  14  0:32  Drone x2  
  16  0:35  Drone  
  17  0:52  Hatchery  
  17  0:54  Drone  
  17  0:57  Drone  
  18  1:08  Extractor  
  17  1:14  Spawning Pool  
  17  1:16  Drone  
  17  1:18  Drone  
  18  1:29  Drone  
  19  1:40  Drone  
  20  1:50  Overlord  
  20  2:01  Queen  
  22  2:05  Queen  
  22  2:07  Drone x2  
  22  2:08  Metabolic Boost  
  26  2:12  Drone  
  27  2:16  Drone  
  28  2:26  Zergling x4  
  30  2:35  Hatchery  
  29  2:39  Queen  
  29  2:42  Drone  
  32  2:47  Overlord  
  32  2:49  Drone  
  32  2:50  Drone  
  34  2:57  Drone  
  35  2:59  Overlord  
  35  3:11  Zergling x10  
  41  3:12  Zergling x2  
  41  3:13  Zergling x2  
  41  3:15  Zergling x2  
  43  3:23  Zergling x2  
  43  3:24  Zergling x2  
  46  3:35  Overlord, Queen  
  46  3:36  Baneling Nest  
  44  3:44  Drone x3  
  47  3:52  Zergling x4, Drone x2  
  48  3:57  Drone  
  48  4:06  Drone x3  
  48  4:09  Evolution Chamber  
  49  4:11  Drone  
  49  4:12  Drone x4  
  54  4:19  Overlord  
  54  4:20  Baneling  
  54  4:21  Baneling  
  54  4:25  Baneling x2, Drone  
  54  4:26  Drone  
  54  4:30  Drone  
  57  4:33  Extractor, Drone  
  57  4:39  Zerg Missile Weapons Level 1  
  57  4:41  Drone x4  
  57  4:42  Drone x3  
  64  4:45  Drone  
  64  4:50  Drone, Roach Warren  
  64  4:51  Drone  
  66  4:58  Extractor  
  66  4:59  Overlord  
  64  5:02  Overlord, Drone  
  64  5:03  Overlord, Drone  
  65  5:08  Lair  
  65  5:16  Drone  
  65  5:17  Drone x4  
  65  5:18  Drone  
  62  5:26  Drone x4  
  65  5:30  Drone  
  65  5:34  Drone x2  
  65  5:35  Drone  
  69  5:36  Drone  
  69  5:40  Drone  
  69  5:41  Extractor, Drone  
  71  5:43  Drone x2  
  71  5:45  Drone  
  72  5:53  Drone  
  72  5:54  Extractor, Drone  
  73  5:59  Overlord  
  73  6:04  Hatchery  
  73  6:08  Drone  
  73  6:09  Drone  
  73  6:12  Glial Reconstitution  
  73  6:14  Roach x7  
  85  6:23  Roach  
  85  6:24  Roach x4  
  95  6:28  Overlord x2  
  95  6:30  Overseer  
  95  6:35  Zerg Missile Weapons Level 2  
  95  6:37  Drone x3  
  95  6:39  Overlord  
  98  6:47  Overlord  
  98  6:48  Extractor, Drone x3  
  98  6:49  Drone  
  98  6:52  Drone  
  102  6:56  Hydralisk Den  
  102  6:58  Roach x6  
  113  7:02  Overlord  
  113  7:09  Roach x5  
  113  7:13  Overlord  
  113  7:14  Roach x2  
  127  7:16  Overseer  
  127  7:20  Unknown  
  127  7:21  Overlord x2  
  127  7:26  Muscular Augments  
  115  7:42  Roach x12  
  133  7:49  Roach x5  
  133  7:53  Drone  
  133  7:54  Drone x3  
  137  8:02  Drone x3  
  137  8:03  Drone x3  
  137  8:04  Overlord  
  143  8:09  Overlord, Extractor  
  142  8:20  Roach  
  142  8:21  Roach x4  
  142  8:22  Overlord x3  
  142  8:25  Overlord  
  150  8:36  Hydralisk x6  
  150  8:37  Hydralisk, Grooved Spines  
  160  8:46  Hydralisk x2  
  160  8:47  Hydralisk x3  
  170  8:53  Hydralisk  
  170  8:54  Hydralisk x3  
  178  8:58  Zerg Ground Armor Level 1  
  178  9:02  Roach x3  
  182  9:07  Hydralisk x2  
  184  9:10  Roach x2  
  184  9:15  Roach  
  184  9:16  Roach x3  
  196  9:18  Overseer  
  194  9:31  Roach x6  
  194  9:40  Roach  
  194  9:41  Roach x3  
  194  9:48  Roach  
  194  9:49  Roach x5  
  194  9:50  Unknown x2  
  198  9:58  Extractor  
  197  10:00  Lurker Den, Infestation Pit  
  197  10:04  Roach x2  
  197  10:29  Spine Crawler  
  180  10:36  Roach x7  
  180  10:38  Overlord x2  
  180  10:39  Overlord  
  192  10:45  Overseer  
  192  10:46  Pneumatized Carapace  
  192  10:47  Hive  
  192  10:53  Overlord  
  176  11:07  Roach x5  
  176  11:08  Roach x8  
  176  11:10  Zerg Ground Armor Level 2  
  200  11:13  Evolution Chamber  
  200  11:16  Overlord  
  199  11:18  Overseer  
  197  11:30  Roach x3  
  197  11:31  Overlord  
  197  11:52  Roach x6  
  193  11:55  Hydralisk x8, Roach  
  193  11:58  Adaptive Talons  
  193  12:00  Zerg Missile Weapons Level 3  
  200  12:08  Lurker  
  200  12:09  Overseer x3  
  200  12:14  Burrow, Tunneling Claws  
  189  12:33  Hydralisk, Roach  
  189  12:34  Roach x13  
  185  12:39  Roach  
  185  12:40  Roach x10  
  189  12:44  Roach x2  
  189  12:47  Lurker x3  
  196  12:54  Roach x2  
  200  13:11  Hydralisk x5  
  197  13:16  Overseer  
  186  13:42  Hydralisk, Roach x5  
  186  13:43  Roach x4  
  184  13:53  Hydralisk x8  
  184  13:54  Hydralisk x3  
  196  13:55  Roach x8  
  196  13:57  Overseer x3  
  178  14:04  Viper  
  181  14:16  Hydralisk  
  183  14:17  Hydralisk x3, Roach x2  
  183  14:22  Overseer  
  192  14:28  Viper, Roach x6  
  192  14:37  Lurker x3  
  195  14:42  Overseer x2  
  195  14:53  Lurker x2  
  195  14:59  Unknown x3  
  197  15:00  Unknown x5  
  197  15:05  Hatchery x2, Roach  
  197  15:06  Roach  
  185  15:20  Hydralisk  
  185  15:21  Hydralisk x7  
  185  15:51  Hydralisk x6, Roach x6  
  187  15:59  Viper x2  
  187  16:00  Viper  
  175  16:07  Drone  
  175  16:08  Drone x3  
  174  16:14  Drone  
  174  16:15  Drone x3  
  178  16:23  Drone x5  
  183  16:44  Hydralisk  
  183  16:45  Hydralisk  
  187  16:48  Hatchery  
  184  17:07  Roach  
  184  17:08  Roach x7  
  187  17:18  Drone  
  187  17:19  Drone x20  
  182  17:32  Drone x4  
  185  17:41  Hydralisk x4  
  182  17:44  Lurker  
  182  17:45  Lurker x2  
  179  17:51  Drone x3, Queen  
  179  17:57  Viper  
  179  18:02  Viper x3  
  185  18:18  Roach  
  185  18:19  Roach x4  
  191  18:20  Drone x3  
  191  18:21  Drone  
  191  18:22  Drone  
  194  18:32  Overlord  
  194  18:34  Unknown  
  194  18:38  Roach  
  194  18:39  Unknown x2, Roach x2  
  195  18:55  Hydralisk x3  
  178  19:10  Unknown  
  178  19:16  Hydralisk  
  178  19:17  Hydralisk, Roach x13  
  170  19:20  Overlord  
  170  19:23  Drone x5  
  190  19:25  Extractor  
  190  19:27  Extractor  
  184  19:36  Overlord x5  
  184  19:37  Overlord  
  176  19:38  Overseer x2  
  176  19:39  Overseer x2  
  176  19:42  Lurker  
  177  19:53  Roach x5  
  177  19:57  Unknown x5  
  177  19:58  Unknown  
  180  20:07  Roach  
  180  20:08  Roach x6  
  166  20:19  Roach  
  166  20:20  Roach x4  
  159  20:34  Roach x6  
  172  20:35  Drone x2  
  172  20:36  Drone x3  
  172  20:37  Drone x4  
  172  20:39  Extractor  
  178  20:44  Roach x3  
  178  20:45  Roach  
  183  20:50  Extractor, Drone  
  183  20:51  Drone x4  
  178  21:01  Roach x9  
  176  21:12  Hydralisk x3  
  176  21:15  Drone x2  
  176  21:17  Extractor  
  185  21:20  Roach x6  
  185  21:36  Overseer  
  185  21:37  Overseer  
Show
View Real Time Build Order
Export as new Build Order

SortOf Zerg 

Build Orders: Hatch First, Lurkers 

Get SALT Encoding   

  12  0:01  Drone  
  13  0:14  Overlord  
  13  0:18  Drone  
  14  0:32  Drone x2  
  16  0:49  Hatchery  
  15  0:52  Drone  
  15  0:56  Drone  
  17  1:00  Drone  
  18  1:11  Extractor  
  17  1:15  Spawning Pool  
  17  1:17  Drone  
  17  1:21  Drone  
  18  1:30  Drone  
  19  1:41  Drone  
  20  1:52  Overlord  
  20  2:01  Queen x2  
  20  2:04  Zergling x2  
  20  2:05  Drone  
  26  2:11  Metabolic Boost  
  26  2:13  Drone x2  
  28  2:24  Drone  
  28  2:25  Drone  
  30  2:34  Drone  
  31  2:38  Hatchery  
  31  2:43  Zergling x2  
  31  2:45  Overlord  
  31  2:50  Drone  
  32  2:53  Baneling Nest  
  31  2:58  Drone x2  
  33  3:06  Overlord  
  33  3:08  Queen  
  35  3:13  Zergling x4  
  35  3:18  Overlord  
  36  3:30  Zergling x2  
  36  3:31  Drone x2  
  36  3:32  Drone x3  
  41  3:37  Baneling  
  41  3:39  Queen  
  43  3:43  Baneling  
  43  3:47  Drone  
  44  3:48  Zergling x6  
  44  3:49  Zergling x2  
  46  4:05  Zergling x10  
  46  4:09  Overlord  
  50  4:10  Queen  
  50  4:15  Baneling x2  
  50  4:16  Drone x3  
  55  4:24  Drone x2  
  55  4:30  Extractor  
  56  4:31  Evolution Chamber  
  56  4:35  Drone x4  
  56  4:38  Overlord  
  59  4:48  Drone x2  
  59  4:52  Extractor, Roach Warren  
  59  4:53  Baneling x2  
  59  4:55  Drone x7  
  65  5:03  Drone x4  
  65  5:06  Zerg Missile Weapons Level 1  
  69  5:08  Overlord  
  68  5:17  Drone x2  
  68  5:18  Drone x3  
  68  5:20  Drone x2  
  69  5:24  Lair  
  69  5:26  Zergling x2  
  69  5:27  Baneling, Zergling x4  
  71  5:36  Overlord, Roach x3  
  71  5:37  Drone  
  71  5:39  Drone x2  
  71  5:42  Extractor  
  79  5:43  Extractor  
  79  5:48  Drone x2  
  80  5:54  Drone  
  81  5:58  Hatchery  
  81  5:59  Drone  
  81  6:01  Overlord  
  81  6:02  Roach x2  
  85  6:09  Roach x2  
  85  6:10  Overlord  
  88  6:14  Drone  
  88  6:21  Glial Reconstitution  
  88  6:22  Evolution Chamber  
  88  6:25  Overlord, Roach  
  88  6:26  Roach x5  
  88  6:27  Queen  
  88  6:28  Extractor  
  88  6:31  Overseer  
  88  6:32  Drone x3  
  102  6:33  Drone x2  
  102  6:38  Roach  
  106  6:40  Overlord  
  106  6:41  Overlord x2  
  106  6:48  Roach x4  
  106  6:50  Unknown  
  115  7:01  Ravager x2  
  115  7:02  Ravager x2  
  115  7:03  Ravager  
  115  7:04  Roach x4  
  115  7:05  Overlord  
  115  7:06  Drone x3  
  130  7:10  Pneumatized Carapace  
  130  7:16  Roach x3  
  130  7:17  Overlord  
  136  7:25  Hydralisk Den  
  127  7:39  Roach  
  127  7:40  Roach x10  
  129  7:45  Roach  
  129  7:48  Roach x4  
  127  7:54  Roach x4  
  127  7:57  Extractor  
  134  7:59  Extractor  
  134  8:00  Drone  
  134  8:01  Drone x5  
  139  8:11  Zerg Missile Weapons Level 2  
  139  8:12  Zerg Ground Armor Level 1  
  139  8:16  Roach x2  
  143  8:22  Roach x4  
  151  8:28  Overlord x2  
  151  8:30  Overlord  
  151  8:33  Roach x2  
  151  8:38  Overlord  
  151  8:39  Roach  
  151  8:44  Overlord  
  151  8:48  Roach x8  
  167  8:54  Lurker Den, Overlord  
  166  8:56  Roach x5  
  166  8:57  Overseer  
  166  8:59  Ravager x2  
  166  9:02  Spine Crawler, Overseer  
  177  9:03  Spine Crawler  
  177  9:05  Roach x2  
  180  9:12  Roach x3  
  180  9:16  Drone x2  
  188  9:17  Ravager x3  
  187  9:25  Overlord, Roach x2  
  187  9:26  Overlord x2  
  183  9:31  Overlord  
  183  9:32  Overlord  
  183  9:34  Ravager  
  178  9:41  Overlord  
  178  9:42  Roach x4  
  184  9:47  Overlord  
  184  9:49  Ravager  
  184  9:50  Hydralisk x3  
  187  10:05  Hydralisk x6  
  199  10:08  Muscular Augments  
  195  10:26  Roach x3  
  195  10:27  Roach x4  
  199  10:30  Infestation Pit  
  188  10:37  Lurker x5  
  188  10:40  Overlord x2  
  187  10:43  Unknown x2  
  187  10:45  Roach x6  
  193  11:06  Zerg Ground Armor Level 2, Hive  
  193  11:10  Roach x2  
  193  11:11  Roach x2  
  199  11:19  Grooved Spines  
  197  11:32  Burrow  
  195  11:33  Tunneling Claws  
  195  11:40  Spine Crawler  
  195  11:41  Spine Crawler  
  184  11:54  Hydralisk x8  
  184  12:01  Spine Crawler x2  
  199  12:02  Spine Crawler  
  199  12:07  Lurker x3  
  200  12:11  Hatchery  
  199  12:17  Spore Crawler  
  189  12:28  Hydralisk x10  
  158  12:42  Hydralisk x11  
  161  12:46  Roach x12  
  161  12:47  Drone x5  
  166  12:53  Lurker x2  
  150  13:13  Roach x4  
  150  13:14  Roach x5  
  150  13:18  Roach x7  
  150  13:19  Lurker x3  
  170  13:25  Drone x6  
  162  13:38  Roach  
  158  13:42  Roach x5  
  158  13:48  Roach x2  
  158  13:50  Roach x2  
  158  13:55  Roach x2  
  158  13:58  Roach x3  
  158  13:59  Lurker x5  
  160  14:13  Unknown, Roach x8  
  160  14:14  Unknown  
  174  14:25  Drone x2  
  174  14:29  Viper  
  175  14:36  Extractor  
  175  14:38  Drone x3  
  173  14:41  Spore Crawler  
  173  14:42  Spore Crawler  
  173  14:43  Hatchery  
  173  14:44  Extractor  
  173  14:45  Extractor  
  168  14:48  Hydralisk x5  
  178  14:57  Drone x3  
  178  14:58  Drone x2  
  183  15:02  Zerg Missile Weapons Level 3  
  183  15:03  Roach x5  
  183  15:12  Roach x6  
  189  15:17  Drone x3  
  192  15:33  Adaptive Talons  
  192  15:34  Overlord  
  192  15:35  Overseer  
  190  15:38  Roach x17  
  184  15:49  Roach x10  
  166  15:59  Hydralisk x2  
  170  16:05  Viper  
  173  16:22  Hydralisk  
  173  16:24  Hatchery  
  160  16:34  Hydralisk x6  
  160  16:36  Roach  
  160  16:37  Roach x2  
  172  16:40  Lurker x3  
  172  16:45  Roach x5  
  175  16:47  Drone x2  
  175  16:52  Roach x4  
  175  16:55  Roach x3  
  175  17:00  Unknown x2  
  175  17:03  Extractor  
  168  17:10  Hydralisk x10  
  175  17:15  Roach  
  175  17:16  Roach x3  
  175  17:29  Roach x6  
  181  17:41  Viper  
  182  17:57  Hydralisk x9  
  190  17:59  Roach x3  
  190  18:10  Unknown  
  190  18:11  Unknown x13  
  190  18:12  Unknown  
  187  18:15  Viper  
  187  18:17  Hydralisk  
  187  18:18  Hydralisk x3  
  171  18:28  Roach  
  171  18:29  Roach x2  
  171  18:30  Roach x4  
  175  18:44  Viper  
  170  18:50  Roach  
  170  18:51  Roach x6  
  182  18:58  Overlord  
  182  18:59  Overseer  
  182  19:00  Overseer  
  155  19:18  Drone x4  
  155  19:19  Lurker x3  
  155  19:20  Lurker  
  163  19:28  Extractor  
  162  19:36  Hydralisk  
  162  19:37  Hydralisk x8  
  164  19:59  Spore Crawler  
  151  20:09  Roach  
  151  20:10  Roach x9  
  143  20:19  Viper, Roach x2  
  143  20:21  Roach x3  
  145  20:33  Roach x5  
  147  20:40  Roach  
  149  20:46  Extractor, Lurker  
  135  21:00  Roach x8  
  132  21:12  Lurker  
  132  21:16  Extractor  
  132  21:19  Roach x6  
  142  21:29  Roach  
Tags
 
Add a new tag
Caveats
  • Supply blocks, unpowered buildings, or Contaminate may cause inaccurate times.
  • Supply counts are checked every 10 seconds.